 Dungeon Crawl Stone Soup version 0.29.1-15-g9cfb28693d (webtiles) character file.

Game seed: 4976941644833927527

70 croobank the Insei (level 4, -1/29 HPs)
             Began as an Octopode Transmuter on Mar 8, 2023.
             Slain by a gnoll
             ... wielding a +0 flail
              (13 damage)
             ... on level 2 of the Dungeon.
             The game lasted 00:02:28 (797 turns).

croobank the Insei (Octopode Transmuter)             Turns: 797, Time: 00:02:29

Health: -1/29      AC:  1    Str:  9    XL:     4   Next: 22%
Magic:  3/7        EV: 13    Int: 17    God:
Gold:   44         SH:  0    Dex: 12    Spells: 4/7 levels left

rFire   . . .      SeeInvis .   a - +0 dagger (speed)
rCold   . . .      Faith    .   (no shield)
rNeg    . . .      Spirit   .   (helmet currently unavailable)
rPois   .          Reflect  .   (no amulet)
rElec   .          Harm     .   (no ring)
rCorr   .          Rampage  .   (no ring)
Will    .....                   (no ring)
Stlth   ++........              (no ring)
HPRegen 0.09/turn               (no ring)
MPRegen 0.10/turn               (no ring)
                                (no ring)
                                (no ring)

@: appendages, wereblooded
A: tentacle spike 3, almost no armour, amphibious, 8 rings, camouflage 1,
gelatinous body 1, (nimble swimmer 1), tentacles
a: End Transformation


You were on level 2 of the Dungeon.
One of your tentacles had grown a beastly spike.
You visited 1 branch of the dungeon, and saw 2 of its levels.

You collected 44 gold pieces.

Inventory:

Hand Weapons
 a - a +0 dagger of speed (weapon)
 b - a +0 sling
 h - a +1 dagger of venom
Scrolls
 c - a scroll of blinking {unknown}
 d - 2 scrolls of identify {unknown}
 g - 2 scrolls of enchant weapon {unknown}
 i - a scroll of poison {unknown}
 k - a scroll of teleportation {unknown}
Potions
 e - a potion of resistance {unknown}
 f - a potion of lignification
 j - 2 potions of curing {unknown}


   Skills:
 + Level 1.8 Fighting
 * Level 1.2 Short Blades
 + Level 2.5 Dodging
 - Level 3.2 Unarmed Combat
 + Level 2.4 Spellcasting
 + Level 2.5 Transmutations


You had 4 spell levels left.
You knew the following spells:

 Your Spells              Type           Power      Damage    Failure   Level
a - Beastly Appendage     Tmut           20%        N/A       7%          1
b - Wereblood             Tmut           10%        N/A       10%         2

Your spell library contained the following spells:

 Spells                   Type           Power      Damage    Failure   Level
 Blink                    Tloc           4%         N/A       28%         2
 Spider Form              Tmut/Pois      6%         N/A       32%         3
 Ice Form                 Ice/Tmut       6%         N/A       73%         4
 Anguish                  Hex/Necr       1%         N/A       88%         4
 Manifold Assault         Tloc           2%         N/A       99%         5
 Enfeeble                 Hex            1%         N/A       100%        7
 Storm Form               Tmut/Air       3%         N/A       100%        7


Dungeon Overview and Level Annotations

Branches:
Dungeon (2/15)

Altars:


Innate Abilities, Weirdness & Mutations

One of your tentacles has grown a beastly spike.
You cannot wear most types of armour.
You are amphibious.
You can wear up to eight rings at the same time.
Your skin changes colour to match your surroundings (Stealth+).
Your rubbery body absorbs attacks. (AC +1, EV +1)
((You are camouflaged when in or above water. (Stealth+)))
You have tentacles for arms and can constrict up to eight enemies at once.


Message History

You hit the quokka but do no damage. You constrict the quokka.
A gnoll comes into view. It is wielding a +0 flail.
The quokka bites you.
You hit the quokka.
The quokka is heavily wounded.
Your primal bloodlust has ended.
You constrict the quokka. The quokka closely misses you.
Casting: Wereblood (safe; 10% risk of failure)
Confirm with . or Enter, or press ? or * to list all spells.
One of your tentacles grows a vicious spike.
You constrict the quokka.
You kill the quokka!
Casting: Beastly Appendage (safe; 7% risk of failure)
Confirm with . or Enter, or press ? or * to list all spells.
Your blood is infused with primal strength.
The jackal closely misses you.
You closely miss the jackal. Your grab misses the jackal.
You pierce the jackal.
The jackal is heavily wounded.
The jackal bites you.
You hit the jackal but do no damage. Your grab misses the jackal.
Your tentacle spike misses the jackal.
You squeeze the jackal.
You feel a bit better.
You kill the jackal!
The gnoll hits you with a +0 halberd!
You hit the gnoll but do no damage. Your grab misses the gnoll.
The gnoll closely misses you.
You hit the gnoll. You grab the gnoll.
You pierce the gnoll!
The gnoll is severely wounded.
You constrict the gnoll. You hit the gnoll.
You feel a bit better.
You kill the gnoll!
The gnoll hits you with a +0 flail!
You closely miss the gnoll. Your grab misses the gnoll.
You pierce the gnoll.
The gnoll is heavily wounded.
You closely miss the gnoll. Your grab misses the gnoll.
Your tentacle spike misses the gnoll.
The gnoll is heavily wounded.
The gnoll hits you with a +0 flail!
You die...

### ..## #..####
> #†...[###..
#.###......
###.†@g..$...
#####.....)###=$.
##.....###..#
#######..#####
##.## ........##
#..# .....####
##.# ####..## #.#
##..# #.. ##.#
####


You could see a gnoll.

Vanquished Creatures
  2 gnolls
  2 adders (D:2)
  A dart slug (D:1)
  3 endoplasms
  A giant cockroach (D:1)
  A goblin (D:1)
  A hobgoblin (D:1)
  5 jackals
  3 quokkas
  A ball python (D:1)
  3 bats (D:1)
  2 kobolds (D:1)
  7 rats (D:1)
32 creatures vanquished.

Notes
Turn   | Place    | Note
-------+----------+-------------------------------------------
     0 | D:1      | croobank the Octopode Transmuter began the quest for the
                  | Orb.
     0 | D:1      | Reached XP level 1. HP: 13/13 MP: 3/3
   169 | D:1      | Reached XP level 2. HP: 14/18 MP: 5/5
   349 | D:1      | Found a faded altar of an unknown god.
   393 | D:1      | Reached XP level 3. HP: 23/23 MP: 6/6
   565 | D:1      | Learned a level 2 spell: Wereblood
   775 | D:2      | Reached skill level 1 in Short Blades
   775 | D:2      | Reached XP level 4. HP: 29/29 MP: 4/7
   797 | D:2      | Slain by a gnoll

Illustrated notes

Levels and vault maps discovered:
D:1:      dpeg_arrival_rhombi, layout_basic,
          hellmonk_ecumenical_altar_crossroads
D:2:      layout_rooms, uniq_robin

Skill      XL: |  1  2  3 |
---------------+----------+-----
Short Blades   | 1 |  1.2
Fighting       | |  1.8
Dodging        | |  2.5
Unarmed Combat | |  3.2
Spellcasting   | |  2.4
Transmutations | |  2.5

Action                   |  1- 3 |  4- 6 || total
-------------------------+-------+-------++-------
Melee: Unarmed           |    22 |       ||    22
       Kick              |    16 |     3 ||    19
       Constrict         |    15 |     2 ||    17
       Tentacles         |    12 |     1 ||    13
       Dagger            |    28 |    11 ||    39
 Cast: Beastly Appendage |    13 |     1 ||    14
       Wereblood         |     3 |     1 ||     4
 Stab: Sleeping          |     7 |       ||     7
Armor: Skin              |     2 |       ||     2
Dodge: Dodged            |    24 |     6 ||    30
